 Dungeon Crawl Stone Soup version 0.28-a0-1087-gf3fc490d9d (webtiles) character file.

Game seed: 644139635287387449

42 spiderkeys the Ducker (level 3, -4/17 HPs)
             Began as a Felid Abyssal Knight on Dec 10, 2021.
             Was a Believer of Lugonu.
             Killed from afar by Ijyb (19 damage)
             ... with a bolt of acid
             ... on level 3 of the Dungeon.
             The game lasted 00:04:18 (2360 turns).

spiderkeys the Ducker (Felid Abyssal Knight)        Turns: 2360, Time: 00:04:19

Health: -4/17      AC:  5    Str:  9    XL:     3   Next: 33%
Magic:  5/5        EV: 19    Int: 11    God:    Lugonu [**....]
Gold:   120        SH:  0    Dex: 18    Spells: 0/2 levels left
                                        Lives:  0   Deaths: 1

rFire   . . .      SeeInvis +     - Unarmed
rCold   . . .      Faith    .   (shield unavailable)
rNeg    + . .      Spirit   .   (armour unavailable)
rPois   .          Reflect  .   (helmet unavailable)
rElec   .          Harm     .   (cloak unavailable)
rCorr   .          Rampage  .   (gloves unavailable)
Will    .....                   (boots unavailable)
Stlth   ++........              (no amulet)
HPRegen 0.05/turn               O - +4 ring of protection
MPRegen 0.09/turn               N - ring of positive energy

@: quick
A: very small, claws 1, fangs 3, see invisible, speed 1, shaggy fur 1, stealthy
paws, no weapons or thrown items, no armour, multi-lived
a: Renounce Religion, Depart the Abyss, Bend Space


You were on level 3 of the Dungeon.
You worshipped Lugonu.
Lugonu was pleased with you.
You visited 1 branch of the dungeon, and saw 3 of its levels.
You visited the Abyss 1 time.

You collected 276 gold pieces.
You spent 156 gold pieces at shops.


Innate Abilities, Weirdness & Mutations

You have sharp claws.
You have razor-sharp teeth.
You have supernaturally acute eyesight. (SInv)
You cover ground quickly. (Speed+)
You are covered in fur. (AC +1)
Your paws help you pounce on unaware monsters.
You are incapable of wielding weapons or throwing items.
You cannot wear armour.
You gain extra lives every three experience levels.


   Skills:
 - Level 3.0 Fighting
 - Level 4.3 Dodging
 * Level 3.8 Unarmed Combat
 * Level 0.7 Hexes
 - Level 1.7 Invocations


You couldn't memorise any spells.
You knew the following spells:

 Your Spells              Type           Power      Damage    Failure   Level
e - Ensorcelled Hibernat  Hex/Ice        0%         N/A       43%         2

Your spell library contained the following spells:

 Spells                   Type           Power      Damage    Failure   Level
 Tukima's Dance           Hex            1%         N/A       63%         3
 Dazzling Flash           Conj/Hex       0%         N/A       67%         3
 Iskenderun's Mystic Bla  Conj/Tloc      0%         2d3       98%         4
 Blade Hands              Tmut           0%         N/A       100%        5
 Starburst                Conj/Fire      0%         6d3       100%        6
 Portal Projectile        Hex/Tloc       Unusable   N/A       N/A         3
 Excruciating Wounds      Necr           Unusable   N/A       N/A         5

Inventory:

Jewellery
 N - a ring of positive energy (right paw)
   (You found it on level 3 of the Dungeon)
 O - a +4 ring of protection (left paw)
   (You found it on level 3 of the Abyss)
Wands
 a - a wand of iceblast (6)
   (You found it on level 2 of the Dungeon)
Scrolls
 d - a scroll of teleportation {@r4}
 e - 2 scrolls of immolation {unknown}
 h - 2 scrolls of identify {@r1}
 i - a scroll of fog {unknown}
Potions
 b - 2 potions of lignification {!q}
 c - a potion of berserk rage {!q}
 f - a potion of attraction {unknown}
 g - a potion of heal wounds {unknown}

Dungeon Overview and Level Annotations

Branches:
Dungeon (3/15)

Altars:

Shops:
D:1 *

Annotations:
D:3 Ijyb, Terence

... .... .....
#####.>...
#.........
#.........
######..†......
#....g#####....
#.###@#######.#
#.# #..........
#†###########..
#.......#
#######.# #.#
#.# #.#
#.####### .@.


You could see Ijyb.


Message History

😕 HP[-1]
You take 1 damage, and now have 16/17 hp.
You closely miss the hobgoblin. The hobgoblin completely misses you.
You scratch the hobgoblin. The hobgoblin misses you.
You closely miss the hobgoblin. The hobgoblin closely misses you.
You scratch the hobgoblin.
You kill the hobgoblin!
Lugonu accepts your kill.
You now have 120 gold pieces (gained 13).
You see here a hobgoblin corpse.
You see here a quokka corpse.
A frilled lizard comes into view.
You see here a scroll of identify {@r1}. 😎 HP[+1]
Your hp is fully restored (17).
The frilled lizard hisses angrily.
You scratch the frilled lizard. The frilled lizard closely misses you.
You barely miss the frilled lizard.
The frilled lizard bites you but does no damage.
You miss the frilled lizard.
The frilled lizard completely misses you.
You closely miss the frilled lizard. You claw the frilled lizard.
You kill the frilled lizard!
Lugonu accepts your kill.
Terence the Incautious comes into view.
He is wielding a +0 flail.
h - 2 scrolls of identify {@r1} (gained 1)
The hobgoblin shouts!
You open the door. The hobgoblin barely misses you.
There is an open door here.
You scratch the hobgoblin.
The hobgoblin hits you but does no damage.
You scratch the hobgoblin.
You kill the hobgoblin!
Lugonu accepts your kill.
You see here a hobgoblin corpse.
Casting: Ensorcelled Hibernation (potentially lethal; 45% risk of failure)
Confirm with . or Enter, or press ? or * to list all spells.
Okay, then.
There is an open door here.
A ball python comes into view.
A ball python is nearby!
The ball python barely misses you. The ball python closely misses you.
You claw the ball python!
You kill the ball python!
Lugonu accepts your kill.
No target in view!
No target in view!
You see here a ball python corpse.
Found a stone staircase leading up.
No target in view!
A jackal and a hobgoblin come into view.
The hobgoblin shouts!
You hear a bark! x3; You hear an angry hiss.
You barely miss the hobgoblin.
The hobgoblin hits you but does no damage.
You barely miss the hobgoblin. The hobgoblin completely misses you.
You scratch the hobgoblin. The hobgoblin hits you. 😕 HP[-2]
You take 2 damage, and now have 15/17 hp.
You scratch the hobgoblin.
You kill the hobgoblin!
Lugonu accepts your kill.
You completely miss the jackal.
The jackal bites you but does no damage. x2
You claw the jackal!
You kill the jackal!
Lugonu accepts your kill.
No target in view!
No target in view!
You see here a hobgoblin corpse.
Found a stone staircase leading down. 😎 HP[+2]
Your hp is fully restored (17).
A bat and a ball python come into view.
The bat moves out of view.
The ball python hisses angrily.
You claw the ball python!
You kill the ball python!
Lugonu accepts your kill.
You can now bend space around yourself.
Ijyb zaps a wand.
The bolt of acid misses you. Ijyb closely misses you.
You scratch Ijyb but do no damage. Ijyb hits you with a +3 club. 😕 HP[-2]
You take 2 damage, and now have 15/17 hp.
You claw Ijyb! Your bite misses Ijyb.
Ijyb zaps a wand.
The bolt of acid misses you.
You closely miss Ijyb. Ijyb completely misses you.
You barely miss Ijyb. Ijyb misses you.
You scratch Ijyb but do no damage. Ijyb misses you.
You barely miss Ijyb. Ijyb barely misses you.
You scratch Ijyb but do no damage. Ijyb closely misses you.
You scratch Ijyb. Ijyb hits you but does no damage.
You barely miss Ijyb.
Ijyb zaps a wand.
The bolt of acid hits you!!
Ouch! That really hurt!
You die...

Skill      XL: |  1  2  3 |
---------------+----------+-----
Unarmed Combat | 3 |  3.8
Dodging        | 4 |  4.3
Fighting       | |  3.0
Hexes          | |  0.7
Invocations    | |  1.7

Action                   |  1- 3 |  4- 6 || total
-------------------------+-------+-------++-------
Melee: Unarmed           |   142 |    12 ||   154
       Bite              |     8 |       ||     8
       Punch             |     3 |       ||     3
Invok: Depart the Abyss  |     1 |       ||     1
  Use: Scroll            |     3 |       ||     3
       Potion            |     2 |       ||     2
 Stab: Sleeping          |     3 |     1 ||     4
Armor: Skin              |    22 |       ||    22
Dodge: Dodged            |   118 |     7 ||   125

Levels and vault maps discovered:
D:1:      nzn_arrival_settlement, layout_basic, serial_shops,
          nicolae_shop_hallway_stairs, st_stairs_9
D:2:      kb_forest_paths, layout_basic
D:3:      layout_basic, serial_shops, nicolae_lakefront_shop,
          basic_ecumenical_altar, corexii_shack, uniq_ijyb, uniq_terence

Notes
Turn   | Place    | Note
-------+----------+-------------------------------------------
     0 | Abyss:1  | spiderkeys the Felid Abyssal Knight began the quest for the
                  | Orb.
     0 | Abyss:1  | Reached XP level 1. HP: 10/10 MP: 3/3
     0 | Abyss:1  | magus.rc [v1.9.10]
    41 | Abyss:2  | Found a corrupted altar of Lugonu.
    67 | Abyss:2  | Found a corrupted altar of Lugonu.
    84 | Abyss:2  | Noticed a ynoxinul
    85 | Abyss:2  | Noticed a chaos spawn
   135 | Abyss:3  | Noticed a flying skull
   135 | Abyss:3  | Noticed a flying skull
   141 | Abyss:3  | Noticed a raiju
   141 | Abyss:3  | Noticed a raiju
   141 | Abyss:3  | Noticed a raiju
   142 | D:1      | You pass through the gate.
   142 | D:1      | Escaped the Abyss
   183 | D:1      | Found Buqenwa's Assorted Antiques.
   188 | D:1      | Bought a scroll of identify for 46 gold pieces
   188 | D:1      | Bought a scroll of teleportation for 69 gold pieces
   188 | D:1      | Bought 2 coppery potions for 41 gold pieces
   502 | D:1      | Reached XP level 2. HP: 14/14 MP: 4/4
   524 | D:1      | Reached * piety under Lugonu
   946 | D:2      | Reached skill level 3 in Unarmed Combat
   951 | D:2      | Reached XP level 3. HP: 17/17 MP: 5/5
  1112 | D:2      | Reached skill level 4 in Dodging
  1328 | D:2      | HP: 4/17 [poisoned by an adder]
  1644 | D:2      | Reached XP level 4. HP: 19/21 MP: 6/6
  1700 | D:2      | You pick up a book of Spectacle and begin reading...
  1700 | D:2      | You add the spells Dazzling Flash, Iskenderun's Mystic
                  | Blast and Starburst to your library.
  1711 | D:2      | You pick up a book of Maledictions and begin reading...
  1711 | D:2      | You add the spells Ensorcelled Hibernation and Tukima's
                  | Dance to your library.
  1715 | D:2      | Learned a level 2 spell: Ensorcelled Hibernation
  2063 | D:3      | Noticed Ijyb
  2066 | D:3      | Killed from afar by Ijyb
  2067 | D:3      | Reached XP level 3. HP: -7/17 MP: 5/5
  2091 | D:3      | You pick up a book of Weapons and begin reading...
  2225 | D:3      | Noticed Terence
  2341 | D:3      | Reached ** piety under Lugonu
  2360 | D:3      | Killed from afar by Ijyb

Vanquished Creatures
  3 adders (D:2)
  A dart slug (D:2)
  An orc (D:2)
  7 bats
  3 endoplasms
  A giant cockroach (D:1)
  6 goblins
  6 hobgoblins
  5 jackals
  A quokka (D:3)
  3 ball pythons
  3 frilled lizards
  3 kobolds (D:2)
  9 rats
52 creatures vanquished.

Vanquished Creatures (others)
  A plant (D:3)
1 creature vanquished.

Grand Total: 53 creatures vanquished

Table legend:
 A = Non-vault XP
 B = Vault XP
 C = Vault XP percentage of total XP
 D = Non-vault monster count
 E = Vault monster count
 F = Vault count percentage of total count
                 A         B        C        D         E       F
            +---------+---------+-------+---------+---------+-------
      Total |      92 |      28 |  23.3 |      43 |       9 |  17.3
            +---------+---------+-------+---------+---------+-------
        D:1 |      19 |       3 |  13.6 |      12 |       2 |  14.3
        D:2 |      60 |      23 |  27.7 |      23 |       6 |  20.7
        D:3 |      13 |       2 |  13.3 |       8 |       1 |  11.1
            +---------+---------+-------+---------+---------+-------

Illustrated notes

Table legend:
 A = Kills in this place as a percentage of kills in entire the game.
 B = Kills by you in this place as a percentage of kills by you in the entire game.
 C = Kills by friends in this place as a percentage of kills by friends in the entire game.
 D = Other kills in this place as a percentage of other kills in the entire game.
 E = Experience gained in this place as a percentage of experience gained in the entire game.
 F = Experience gained in this place divided by the number of levels of this place that you have seen.
                   A       B       C       D       E      F
               +-------+-------+-------+-------+-------+----------------------
         Total | 100.0 | 100.0 |   N/A |   N/A | 100.0 |  20.0
       Dungeon | 100.0 | 100.0 |   N/A |   N/A | 100.0 |  40.0
               +-------+-------+-------+-------+-------+----------------------

Table legend: (Time is in decaauts)
 A = Elapsed time spent in this place.
 B = Non-inter-level travel time spent in this place.
 C = Inter-level travel time spent in this place.
 D = Time resting spent in this place.
 E = Time spent auto-exploring this place.
 F = Levels seen in this place.
 G = Mean time per level.
                   A        B        C        D        E       F      G
               +--------+--------+--------+--------+--------+-----+--------+
         Total |   2041 |   1960 |     81 |    117 |   1406 |   6 |  340.2 |
       Dungeon |   1924 |   1843 |     81 |    117 |   1378 |   3 |  641.3 |
         Abyss |    116 |    116 |      0 |      0 |     27 |   3 |   38.7 |
               +--------+--------+--------+--------+--------+-----+--------+

Top non-repeatable levels by time:
     D:2: 1011 daAuts
     D:1: 656 daAuts
     D:3: 256 daAuts
 Abyss:2: 63 daAuts
 Abyss:1: 33 daAuts
 Abyss:3: 19 daAuts
